 Dungeon Crawl Stone Soup version 0.31.0-9-g3a7656b989 (webtiles) character file.

Game seed: 11455384026796924122

4277 qw the Nimble (level 10, -1/51 HPs)
             Began as a Spriggan Hunter on Feb 2, 2024.
             Was a Believer of Okawaru.
             Shot with an arrow by a centaur (6 damage)
             ... on level 9 of the Dungeon on Feb 3, 2024.
             The game lasted 01:01:10 (24058 turns).

qw the Nimble (Spriggan Hunter)                    Turns: 24058, Time: 01:01:10

Health: -1/51      AC:  8    Str:  7    XL:     10   Next: 10%
Magic:  13/13      EV: 27    Int: 12    God:    Okawaru [**....]
Gold:   270        SH:  0    Dex: 22    Spells: 9/9 levels left

rFire   . . .        a - +1 shortbow (flame)
rCold   . . .        (shield currently unavailable)
rNeg    . . .        c - +0 robe
rPois   .            (helmet restricted)
rElec   .            e - +1 cloak
rCorr   .            (gloves unavailable)
SInv    +            (boots unavailable)
Will    +....        b - amulet of regeneration
Stlth   ++           g - +4 ring of protection
HPRegen 1.08/turn    (no ring)
MPRegen 0.13/turn

%: no passive effects
@: about to teleport, very quick
A: very small, no large weapons, unfitting armour, see invisible, speed 3
a: Renounce Religion, Heroism


You were on level 9 of the Dungeon.
You worshipped Okawaru.
Okawaru was pleased with you.
You visited 2 branches of the dungeon, and saw 10 of its levels.

You collected 403 gold pieces.
You spent 133 gold pieces at shops.


Innate Abilities, Weirdness & Mutations

You are very small and have problems with some larger weapons.
You are too small for most types of armour.
You have supernaturally acute eyesight. (SInv)
You cover ground extremely quickly. (Speed+++)


   Skills:
 - Level 5.4 Fighting
 + Level 10.5 Ranged Weapons
 - Level 11.0 Dodging
 - Level 1.5 Stealth
 + Level 3.9 Invocations


You had 9 spell levels left.
You didn't know any spells.
Your spell library was empty.

Inventory:

Hand Weapons
 a - a +1 shortbow of flaming (weapon)
Armour
 c - a +0 robe (worn)
 e - a +1 cloak (worn)
Jewellery
 b - an amulet of regeneration (around neck)
 g - a +4 ring of protection (left hand)
 m - a ring of ice
Wands
 d - a wand of mindburst (10)
 k - a wand of polymorph (14)
 l - a wand of iceblast (12)
Scrolls
 f - a scroll of teleportation
Potions
 h - a potion of might
 i - a potion of ambrosia {unknown}
 j - a potion of resistance {unknown}

Dungeon Overview and Level Annotations

Branches:
Dungeon (9/15)             Temple (1/1) D:6
   Lair: D:8-11         Orc: D:9-12

Altars:
Ashenzari
Dithmenos
Elyvilon
Fedhas
Gozag
Hepliaklqana
Kikubaaqudgha
Makhleb
Nemelex Xobeh
Okawaru
Qazlal
Ru
Sif Muna
Trog
Uskayaw
Vehumet
Wu Jian
Xom
Zin
The Shining One

Shops:
D:5 ?


Message History

The arrow completely misses you. The yak completely misses you. x2
You shoot an arrow. The arrow barely misses the yak.
The yak completely misses you.
A wight comes into view. It is wielding a +0 falchion.
The yak completely misses you.
You shoot an arrow. The arrow hits the yak.
The arrow burns the yak.
The yak is severely wounded.
The yak misses you. The yak gores you!
The centaur shoots an arrow.
The arrow barely misses you.
You shoot an arrow.
The arrow hits the yak but does no damage.
The yak is severely wounded.
The centaur shoots an arrow.
The arrow misses you. The yak gores you but does no damage. The yak misses you.
You shoot an arrow. The arrow hits the yak.
The arrow burns the yak.
The yak is severely wounded.
The centaur shoots an arrow.
The arrow misses you. The yak closely misses you. The yak misses you.
You shoot an arrow. The arrow hits the yak!
The arrow burns the yak.
The yak is almost dead.
The centaur shoots an arrow.
The arrow completely misses you. The yak gores you!
The yak completely misses you.
24055 ||| READING 2 scrolls of teleportation.
As you read the scroll of teleportation, it crumbles to dust.
You feel strangely unstable.
The centaur shoots an arrow.
The arrow completely misses you. The yak gores you.
The yak completely misses you.
You shoot an arrow. The arrow completely misses the yak.
The arrow closely misses the wight.
The centaur shoots an arrow.
The arrow closely misses you.
The centaur shoots an arrow.
The arrow misses you. The yak misses you. The yak completely misses you.
A wight comes into view.
It is wielding a +3 halberd of freezing.
You shoot an arrow. The arrow hits the yak.
The arrow burns the yak.
You kill the yak!
Okawaru accepts your kill.
You shoot an arrow. The arrow hits the yak.
The arrow burns the yak.
The yak is moderately wounded.
The centaur shoots an arrow.
The arrow hits you.
You die...

.. ..........##.......
.. ..##...#........ ..##
##.####........... ...#
##...###...........
#...##..###.....).......
#..##...................
...........##...oo..>...
...............#Y#.....
..<............#@#.....
..%...........z%%# ....
..................
...................
.................!.c
.....................
............##......#.
.....##..z.. #.....##..


You could see a yak, an orc warrior, a centaur, 2 wights and an orc.

Vanquished Creatures
  A two-headed ogre (D:8)
  Jeremiah (D:7)
  Prince Ribbit (D:7)
  5 yaks (D:9)
  A water moccasin (D:7)
  A sky beast (D:7)
  A black bear (D:6)
  3 ogres
  2 phantoms
  A bullfrog (D:7)
  Blork the orc (D:6)
  4 scorpions
  6 wights (D:8)
  3 killer bees
  3 howler monkeys
  4 electric eels
  3 hounds
  2 bombardier beetles
  2 jellies
  An iguana (D:6)
  5 orc wizards
  Natasha (thrice) (D:2)
  12 gnolls
  6 adders
  2 ufetubi (D:6)
  A ribbon worm (D:4)
  5 dart slugs
  25 orcs
  11 ball pythons
  16 endoplasms
  4 giant cockroaches
  8 goblins
  8 hobgoblins
  9 jackals (D:4)
  19 kobolds
  3 quokkas
  7 bats
  2 frilled lizards (D:3)
  5 rats
197 creatures vanquished.

Vanquished Creatures (others)
  A white imp (D:6)
1 creature vanquished.

Grand Total: 198 creatures vanquished

Notes
Turn   | Place    | Note
-------+----------+-------------------------------------------
     0 | D:1      | qw the Spriggan Hunter began the quest for the Orb.
     0 | D:1      | Reached XP level 1. HP: 10/10 MP: 2/2
     0 | D:1      | 0 ||| qw: Version: 0.3-a-155-g5e7d8dd
     0 | D:1      | 0 ||| qw: Game counter: 2884
     0 | D:1      | 0 ||| qw: Melee chars always use a shield: true
     0 | D:1      | 0 ||| qw: God list: Okawaru
     0 | D:1      | 0 ||| qw: Allow faded altars: false
     0 | D:1      | 0 ||| qw: Do Orc after clearing Dungeon:15 true
     0 | D:1      | 0 ||| qw: Do second Lair branch before Depths: true
     0 | D:1      | 0 ||| qw: Lair rune preference: random
     0 | D:1      | 0 ||| qw: Goals: Normal
     0 | D:1      | 0 ||| PLANNING D:1-11
    51 | D:1      | Reached skill level 3 in Dodging
    91 | D:1      | Reached XP level 2. HP: 14/14 MP: 3/3
   229 | D:1      | Reached skill level 4 in Dodging
   637 | D:1      | 637 ||| UPGRADING to +0 cloak.
   642 | D:1      | 642 ||| UPGRADING to +4 ring of protection.
   643 | D:1      | 643 ||| READING scroll labelled ITOTIG IXIMA.
   643 | D:1      | 643 ||| IDENTIFYING clear potion
   644 | D:1      | 644 ||| READING scroll labelled QIDISO RIJA.
   645 | D:1      | 645 ||| READING scroll labelled ROSUISHYNASK.
   645 | D:1      | 645 ||| BRANDING +0 shortbow.
   646 | D:1      | 646 ||| READING scroll labelled RYTTOH GUDI.
   646 | D:1      | 646 ||| ENCHANTING +0 cloak.
   647 | D:1      | 647 ||| READING scroll labelled UWOC WAULEPS.
   648 | D:1      | 648 ||| DROPPING scroll of butterflies.
   720 | D:2      | Noticed a scorpion
   729 | D:2      | Killed a scorpion
   730 | D:2      | Reached XP level 3. HP: 18/18 MP: 4/4
   730 | D:2      | Reached XP level 4. HP: 22/22 MP: 5/5
   733 | D:2      | Found a faded altar of an unknown god.
   739 | D:2      | Noticed Natasha
   744 | D:2      | Killed Natasha
   891 | D:2      | Noticed Natasha
   895 | D:2      | Killed Natasha
   896 | D:2      | Reached skill level 5 in Dodging
   936 | D:2      | Reached XP level 5. HP: 26/26 MP: 6/6
   995 | D:2      | Noticed Natasha
  1002 | D:2      | Killed Natasha
  1293 | D:2      | You fall into a shaft and drop 2 floors!
  1452 | D:4      | Noticed an ogre
  1458 | D:4      | Killed an ogre
  1459 | D:4      | Reached skill level 6 in Ranged Weapons
  1459 | D:4      | Reached XP level 6. HP: 30/30 MP: 7/7
  1611 | D:4      | 1611 ||| UPGRADING to amulet of regeneration.
  1616 | D:4      | 1616 ||| READING scroll of identify.
  1616 | D:4      | 1616 ||| IDENTIFYING scroll labelled JUIDYF ONEQEZA
  1617 | D:4      | 1617 ||| READING 3 scrolls labelled XEFUBOT JOOMERR.
  1618 | D:4      | 1618 ||| DROPPING scroll of torment.
  1619 | D:4      | 1619 ||| DROPPING 2 scrolls of fog.
  1650 | D:3      | 1650 ||| FLEEEEING.
  1651 | D:3      | 1651 ||| FLEEEEING.
  1652 | D:3      | 1652 ||| FLEEEEING.
  1653 | D:3      | 1653 ||| FLEEEEING.
  1654 | D:3      | 1654 ||| FLEEEEING.
  1937 | D:3      | Reached skill level 6 in Dodging
  1980 | D:3      | Found a bloodstained altar of Trog.
  1980 | D:3      | Found a glowing golden altar of the Shining One.
  1980 | D:3      | Found a hazy altar of Hepliaklqana.
  1980 | D:3      | Found a broken altar of Ashenzari.
  1980 | D:3      | Found a shadowy altar of Dithmenos.
  1980 | D:3      | Found a hazy altar of Hepliaklqana.
  1993 | D:3      | 1993 ||| FLEEEEING.
  2878 | D:3      | 2878 ||| READING 3 scrolls of identify.
  2878 | D:3      | 2878 ||| IDENTIFYING bubbling cyan potion
  2879 | D:3      | 2879 ||| READING 2 scrolls of identify.
  2879 | D:3      | 2879 ||| IDENTIFYING scroll labelled DASMOCLAWEO
  2880 | D:3      | 2880 ||| DROPPING scroll of vulnerability.
  3084 | D:4      | Reached XP level 7. HP: 35/35 MP: 8/8
  3408 | D:4      | 3408 ||| READING scroll of identify.
  3408 | D:4      | 3408 ||| IDENTIFYING scroll labelled ICVINETUYW
  3409 | D:4      | 3409 ||| READING scroll labelled QUOLACZEIR.
  3439 | D:5      | Entered Level 5 of the Dungeon
  3473 | D:5      | Reached skill level 7 in Dodging
  3482 | D:5      | Found Cownojes's Magic Scroll Emporium.
  3519 | D:5      | 3519 ||| BUYING scroll of enchant weapon (105 gold).
  3519 | D:5      | Bought a scroll of enchant weapon for 105 gold pieces
  3519 | D:5      | 3519 ||| BUYING scroll of identify (28 gold).
  3519 | D:5      | Bought a scroll of identify for 28 gold pieces
  3519 | D:5      | 3519 ||| SHOPLISTING scroll of teleportation (42 gold, have
                  | 38).
  3519 | D:5      | 3519 ||| READING scroll of enchant weapon.
  3519 | D:5      | 3519 ||| ENCHANTING +0 shortbow of freezing.
  3733 | D:5      | Reached skill level 3 in Fighting
  3733 | D:5      | Reached XP level 8. HP: 40/40 MP: 9/9
  3744 | D:5      | Found a shimmering blue altar of Sif Muna.
  3943 | D:5      | 3943 ||| READING 2 scrolls of identify.
  3943 | D:5      | 3943 ||| IDENTIFYING viscous brown potion
  3944 | D:5      | 3944 ||| READING scroll of identify.
  3944 | D:5      | 3944 ||| IDENTIFYING scroll labelled YMPUECI XUKHA
  3945 | D:5      | 3945 ||| DROPPING scroll of blinking.
  3965 | D:6      | 3965 ||| FLEEEEING.
  3967 | D:6      | 3967 ||| FLEEEEING.
  3982 | D:6      | HP: 10/40 [electric eel/bolt of electricity (15)]
  3983 | D:6      | 3983 ||| READING scroll of teleportation.
  3984 | D:6      | 3984 ||| DRINKING potion of heal wounds.
  3986 | D:6      | Reached skill level 8 in Dodging
  4017 | D:6      | 4017 ||| FLEEEEING.
  4024 | D:6      | 4024 ||| ZAPPING wand of iceblast (10) at -1,-2 (black
                  | bear; floor).
  4092 | D:6      | 4092 ||| FLEEEEING.
  4229 | D:6      | Reached skill level 9 in Ranged Weapons
  4245 | D:6      | Noticed Blork the orc
  4249 | D:6      | 4249 ||| FLEEEEING.
  4250 | D:6      | 4250 ||| FLEEEEING.
  4251 | D:6      | 4251 ||| FLEEEEING.
  4252 | D:6      | 4252 ||| FLEEEEING.
  4258 | D:6      | 4258 ||| DRINKING potion of haste.
  4274 | D:6      | Killed Blork the orc
  4275 | D:6      | Reached skill level 9 in Dodging
  4312 | D:6      | Found a staircase to the Ecumenical Temple.
  4313 | D:6      | 4313 ||| PLANNING TEMPLE
  4561 | D:6      | 4561 ||| DROPPING ring of flight.
  4562 | D:6      | 4562 ||| DRINKING 2 fizzy green potions.
  4563 | D:6      | 4563 ||| DROPPING potion of degeneration.
 22840 | D:6      | 22840 ||| qw: Version: 0.3-a-155-g5e7d8dd
 22840 | D:6      | 22840 ||| qw: Game counter: 2884
 22840 | D:6      | 22840 ||| qw: Melee chars always use a shield: true
 22840 | D:6      | 22840 ||| qw: God list: Okawaru
 22840 | D:6      | 22840 ||| qw: Allow faded altars: false
 22840 | D:6      | 22840 ||| qw: Do Orc after clearing Dungeon:15 true
 22840 | D:6      | 22840 ||| qw: Do second Lair branch before Depths: true
 22840 | D:6      | 22840 ||| qw: Lair rune preference: random
 22840 | D:6      | 22840 ||| qw: Goals: Normal
 22840 | D:6      | 22840 ||| PLANNING TEMPLE
 22880 | Temple   | Entered the Ecumenical Temple
 22881 | Temple   | 22881 ||| PLANNING OKAWARU WORSHIP
 22900 | Temple   | Became a worshipper of Warmaster Okawaru
 22901 | Temple   | 22901 ||| PLANNING D:1-11
 23005 | D:7      | Found a sparkling altar of Nemelex Xobeh.
 23005 | D:7      | Noticed Prince Ribbit
 23007 | D:7      | 23007 ||| qw: Version: 0.3-a-155-g5e7d8dd
 23007 | D:7      | 23007 ||| qw: Game counter: 2884
 23007 | D:7      | 23007 ||| qw: Melee chars always use a shield: true
 23007 | D:7      | 23007 ||| qw: Do Orc after clearing Dungeon:15 true
 23007 | D:7      | 23007 ||| qw: Do second Lair branch before Depths: true
 23007 | D:7      | 23007 ||| qw: Lair rune preference: random
 23007 | D:7      | 23007 ||| qw: Goals: Normal
 23007 | D:7      | 23007 ||| PLANNING D:1-11
 23015 | D:7      | Killed Prince Ribbit
 23016 | D:7      | Reached XP level 9. HP: 37/44 MP: 10/10
 23145 | D:7      | Found an ancient bone altar of Kikubaaqudgha.
 23153 | D:7      | 23153 ||| FLEEEEING.
 23154 | D:7      | 23154 ||| FLEEEEING.
 23176 | D:7      | Noticed Jeremiah
 23216 | D:7      | 23216 ||| ZAPPING wand of iceblast (17) at 0,2 (floor).
 23217 | D:7      | 23217 ||| ZAPPING wand of iceblast (16) at 0,2 (Jeremiah;
                  | floor).
 23218 | D:7      | 23218 ||| ZAPPING wand of iceblast (15) at 0,2 (Jeremiah;
                  | floor).
 23218 | D:7      | Killed Jeremiah
 23219 | D:7      | Reached skill level 10 in Dodging
 23228 | D:7      | 23228 ||| FLEEEEING.
 23229 | D:7      | 23229 ||| FLEEEEING.
 23230 | D:7      | 23230 ||| FLEEEEING.
 23232 | D:7      | 23232 ||| FLEEEEING.
 23233 | D:7      | 23233 ||| FLEEEEING.
 23238 | D:7      | 23238 ||| FLEEEEING.
 23239 | D:7      | 23239 ||| FLEEEEING.
 23240 | D:7      | 23240 ||| FLEEEEING.
 23241 | D:7      | 23241 ||| FLEEEEING.
 23530 | D:7      | 23530 ||| READING scroll labelled CUKUEQ XAMIEJYLY.
 23531 | D:7      | 23531 ||| DROPPING wand of flame (34).
 23533 | D:7      | 23533 ||| Stepping ~*~*~tactically~*~*~ (cloud).
 23622 | D:8      | Noticed a two-headed ogre
 23623 | D:8      | 23623 ||| ZAPPING wand of iceblast (14) at -3,-1
                  | (two-headed ogre; floor).
 23624 | D:8      | 23624 ||| ZAPPING wand of iceblast (13) at -2,0 (two-headed
                  | ogre; floor).
 23627 | D:8      | Killed a two-headed ogre
 23627 | D:8      | Reached * piety under Okawaru
 23658 | D:8      | Reached skill level 1 in Invocations
 23679 | D:8      | 23679 ||| READING scroll of brand weapon.
 23679 | D:8      | 23679 ||| BRANDING +1 shortbow of freezing.
 23743 | D:8      | Reached ** piety under Okawaru
 23951 | D:9      | 23951 ||| STAIRDANCE
 23969 | D:9      | 23969 ||| STAIRDANCE
 23983 | D:9      | Reached skill level 11 in Dodging
 24008 | D:9      | 24008 ||| RETREEEEATING.
 24010 | D:9      | 24010 ||| RETREEEEATING.
 24012 | D:9      | 24012 ||| RETREEEEATING.
 24013 | D:9      | 24013 ||| RETREEEEATING.
 24015 | D:9      | 24015 ||| RETREEEEATING.
 24016 | D:9      | 24016 ||| RETREEEEATING.
 24018 | D:9      | 24018 ||| RETREEEEATING.
 24024 | D:9      | Reached skill level 3 in Invocations
 24024 | D:9      | 24024 ||| INVOKING Heroism.
 24042 | D:9      | Reached XP level 10. HP: 40/51 MP: 11/13
 24054 | D:9      | HP: 6/51 [yak (10)]
 24055 | D:9      | 24055 ||| READING 2 scrolls of teleportation.
 24055 | D:9      | HP: 2/51 [yak (5)]
 24058 | D:9      | Shot with an arrow by a centaur

Levels and vault maps discovered:
D:1:      dpeg_arrival_signposts, layout_basic
D:2:      layout_basic, ebering_ecumenical_altar_petrified,
          corexii_corridor_pit, grunt_ministairs_3, uniq_natasha
D:3:      cheibrodos_fertilizer, layout_basic, chequers_serial_rivers_large_b,
          st_stairs_14
D:4:      wad_crossroads, layout_basic, grunt_decor_clamped,
          grunt_ministairs_14, kennysheep_generic_room_10
D:5:      layout_cave_pools, hellmonk_sif_muna_bookshelves, serial_shops, shop
D:6:      layout_gridville, minmay_temple_entry_statues, serial_bayou,
          serial_bayou_pond_a, serial_bayou_crossing, serial_bayou_pond_d,
          serial_bayou_lake_a, uniq_blork_the_orc
D:7:      layout_loops_ring, mainiacjoe_overflow_catch_the_wave,
          uniq_prince_ribbit1, uniq_jeremiah
D:8:      layout_basic
D:9:      layout_cave_pools, uniq_grum, uniq_erica
Temple:   nicolae_temple_bog_church

Skill      XL: |  1  2  3  4  5  6  7  8  9 |
---------------+----------------------------+-----
Dodging        | 3 4 5 6 7 9 11 | 11.0
Ranged Weapons | 5 6 7 8 10 | 10.5
Fighting       | 2 3 5 |  5.4
Invocations    | 3 |  3.9
Stealth        | |  1.5

Action                     |  1- 3 |  4- 6 |  7- 9 | 10-12 || total
---------------------------+-------+-------+-------+-------++-------
   Fire: Shortbow          |    70 |   201 |   350 |    16 ||   637
 Invoke: Heroism           |       |       |     1 |       ||     1
  Evoke: Wand              |       |       |     6 |       ||     6
    Use: Scroll            |     5 |     4 |     8 |     1 ||    18
         Potion            |       |       |     3 |       ||     3
 Armour: Robe              |     5 |    27 |    43 |     9 ||    84
  Dodge: Dodged            |    21 |    84 |   133 |    27 ||   265

Table legend:
 A = Non-vault XP
 B = Vault XP
 C = Vault XP percentage of total XP
 D = Non-vault monster count
 E = Vault monster count
 F = Vault count percentage of total count
                 A         B        C        D         E       F
            +---------+---------+-------+---------+---------+-------
      Total |    5186 |     925 |  15.1 |     162 |      36 |  18.2
            +---------+---------+-------+---------+---------+-------
        D:1 |      30 |       0 |   0.0 |      19 |       0 |   0.0
        D:2 |     213 |      39 |  15.5 |      22 |       3 |  12.0
        D:3 |      74 |      73 |  49.7 |      18 |      20 |  52.6
        D:4 |     261 |      71 |  21.4 |      31 |      10 |  24.4
        D:5 |     746 |       0 |   0.0 |      21 |       0 |   0.0
        D:6 |     873 |      91 |   9.4 |      27 |       1 |   3.6
        D:7 |     463 |     651 |  58.4 |       5 |       2 |  28.6
        D:8 |    1427 |       0 |   0.0 |      12 |       0 |   0.0
        D:9 |    1099 |       0 |   0.0 |       7 |       0 |   0.0
            +---------+---------+-------+---------+---------+-------
